Workbook
Name Q_物件ｺｰﾄﾞ表_物件ｺｰﾄﾞ順_: #REF!
Name sgk: '[1]総括表 (出)'!$G$23
Name ｕｐｐ: #REF!
Name ｼｰﾘﾝｸﾞ: #REF!
Name ｼｰﾘﾝｸﾞ工事: [2]内訳書!$G$114
Name ｼｰﾘﾝｸﾞ工事合計: #REF!
Name ｼｰﾙ: #REF!
Name つき: [3]Sheet3!$B$2:$B$13
Name ねん: '[4]Sheet3 (2)'!$A$2:$A$12
Name ひ: [3]Sheet3!$C$2:$C$32
Name マンション番号: #REF!
Name マンション名: #REF!
Name マンション名称Ａ: #REF!
Name マンション名称Ｂ: #REF!
Name ﾘｽｸ回避文書: #REF!
Name 下地補修工事合計: #REF!
Name 仮設工事合計: #REF!
Name 外注業者: #REF!
Name 外注業者１: #REF!
Name 外注業者2: #REF!
Name 外注業者Ａ: #REF!
Name 外注業者Ｂ: #REF!
Name 外壁仕上げ工事合計: #REF!
Name 管理物件: #REF!
Name 期間: '[5]基礎表（６年）'!$E$7
Name 技術部担当: #REF!
Name 共仮: '[6]内訳明細書（見積原価）'!$O$42
Name 金利: '[5]基礎表（６年）'!$E$6
Name 月: '[4]Sheet3 (2)'!$B$2:$B$13
Name 件名: #REF!
Name 見No.___________．: #REF!
Name 見積り番号: #REF!
Name 見積依頼日: #REF!
Name 見積提出日: #REF!
Name 原価: #REF!
Name 原価1: #REF!
Name 現場: [7]内訳書!$G$994
Name 現場管理費: [2]内訳書!$G$455
Name 現場経費: #REF!
Name 工期: [8]Sheet2!$B$26:$B$33
Name 工事業者: #REF!
Name 工事件名: #REF!
Name 工事担当: #REF!
Name 工事費合計: #REF!
Name 項目: #REF!
Name 項目NO: [9]文言集!$C$2:$C$21
Name 項目選択: #REF!
Name 合計金額: #REF!
Name 雑: [7]内訳書!$G$978
Name 雑工事合計: #REF!
Name 雑工事費_: #REF!
Name 時: [3]Sheet3!$F$2:$F$25
Name 時間帯: [3]Sheet3!$E$2:$E$3
Name 実質利益率: #REF!
Name 社員負担率: '[5]基礎表（６年）'!$C$35
Name 住所: #REF!
Name 粗利: #REF!
Name 足場: [7]内訳書!$G$82
Name 足場仮設工事: [2]内訳書!$G$66
Name 台数: '[5]基礎表（６年）'!$C$7

Sheet 総括表
A1: 件名:上井草二丁目ｱﾊﾟｰﾄ 外壁修繕・手摺改修工事
A2: No. | B2: 名 称 | C2: 仕 様 | D2: 数 量 | E2: 呼 称 | F2: 単 価 | G2: 金 額 | H2: 備 考
A3: Ⅰ | B3: 共通仮設工事 | D3: 1 | E3: 式 | G3: =内訳明細書!G53 -> 0
A4: Ⅱ | B4: 足場仮設工事 | D4: 1 | E4: 式 | G4: =内訳明細書!G104 -> 0
A5: Ⅲ | B5: ｼｰﾘﾝｸﾞ工事 | D5: 1 | E5: 式 | G5: =内訳明細書!G138 -> 0
A6: Ⅳ | B6: 外壁調査工事 | D6: 1 | E6: 式 | G6: =内訳明細書!G155 -> 0
A7: Ⅴ | B7: 躯体補修工事 | D7: 1 | E7: 式 | G7: =内訳明細書!G206 -> 0
A8: Ⅵ | B8: 内外壁塗装工事 | D8: 1 | E8: 式 | G8: =内訳明細書!G257 -> 0
A9: Ⅶ | B9: 鉄部塗装工事 | D9: 1 | E9: 式 | G9: =内訳明細書!G401 -> 0
A10: Ⅷ | B10: 建築他改修工事 | D10: 1 | E10: 式 | G10: =内訳明細書!G427 -> 0
A11: Ⅸ | B11: 現場管理費 | C11: 4ヶ月 現場所長:巡回管理､工事責任者:常駐管理 | D11: 1 | E11: 式 | G11: =内訳明細書!G444 -> 0
B12: 直接工事費計
A13: Ⅹ | B13: 諸経費 | C13: 法定福利費\***円含む | D13: 1 | E13: 式 | G13: =G12*0.12 -> 0
B14: 中計 | G14: =SUM(G12:G13) -> 0
B15: 調整金 | G15: =ROUNDDOWN(G14,-5)-G14 -> 0
B16: 合計 | G16: =SUM(G14:G15) -> 0
B17: 消費税等 | C17: 0.1 | G17: =G16*C17 -> 0
B18: 総合計 | G18: =SUM(G16:G17) -> 0

Sheet 内訳明細書
A1: 件名:上井草二丁目ｱﾊﾟｰﾄ 外壁修繕・手摺改修工事
A2: No. | B2: 名 称 | C2: 仕 様 | D2: 数 量 | E2: 呼 称 | F2: 単 価 | G2: 金 額 | H2: 備 考
A3: Ⅰ | B3: 共通仮設工事
A4: 1 | B4: 現場事務所兼作業員詰所 | C4: 組立ﾊｳｽ 2坪ﾀｲﾌﾟ(換気設備･施錠共) ※16･23号棟で兼用 | D4: 1 | E4: 式 | H4: 1,800×3,600程度 16号棟南面
A5: 2 | B5: 資材倉庫（16号棟） | C5: 組立ﾊｳｽ 2坪ﾀｲﾌﾟ(換気設備･施錠共) | D5: 1 | E5: 式 | H5: 1,800×3,600程度 16号棟南面
A6: 3 | B6: 資材倉庫（23号棟） | C6: ﾕﾆｯﾄﾊｳｽ 2坪ﾀｲﾌﾟ(換気設備･施錠共) | D6: 1 | E6: 式 | H6: 1,800×3,600程度 23号棟北面駐車場
A7: 4 | B7: 廃材置場（16号棟） | C7: 分別ｺﾝﾃﾅ(ﾌﾚｺﾝ) | D7: 1 | E7: 式 | H7: 16号棟北面
A8: 5 | B8: 廃材置場（23号棟） | C8: 分別ｺﾝﾃﾅ(ﾌﾚｺﾝ) | D8: 1 | E8: 式 | H8: 23号棟北面駐車場
A9: 6 | B9: 仮設ﾄｲﾚ（16号棟） | C9: 大小兼用 | D9: 1 | E9: 式 | H9: 東面足場下
A10: 7 | B10: 仮設ﾄｲﾚ（23号棟） | C10: 大小兼用 | D10: 1 | E10: 式 | G10: 16号棟を使用
A11: 8 | B11: 仮設電源･照明設備（16号棟） | C11: 外部より引込み(足場設置ｽｽﾞﾗﾝ･ｷｬﾌﾟﾀｲﾔｹｰﾌﾞﾙ･ｾﾝｻｰﾗｲﾄ等含む)使用料受注者負担 | D11: 1 | E11: 式
A12: 9 | B12: 仮設電源･照明設備（23号棟） | C12: 外部より引込み(足場設置ｽｽﾞﾗﾝ･ｷｬﾌﾟﾀｲﾔｹｰﾌﾞﾙ･ｾﾝｻｰﾗｲﾄ等含む)使用料受注者負担 | D12: 1 | E12: 式 | G12: 上記に計上
A13: 10 | B13: 仮設用水設備（16号棟） | C13: 共用部より分岐(ｼﾝｸ･仮設排水設備含む) 使用料発注者負担 | D13: 1 | E13: 式 | H13: 東面足場下
A14: 11 | B14: 仮設用水設備（23号棟） | C14: 共用部より分岐(ｼﾝｸ･仮設排水設備含む) 使用料発注者負担 | D14: 1 | E14: 式 | H14: 西面足場下
A15: 12 | B15: 安全対策費 | C15: ﾊﾞﾘｹｰﾄﾞ､ｺｰﾝ､消火器､安全看板等 | D15: 1 | E15: 式
A16: 13 | B16: 安全監視員 | C16: ｶﾞｰﾄﾞﾏﾝ(足場組立･解体時等) | D16: 72 | E16: 人工 | G16: =D16*F16 -> 0 | H16: 組立(40人)解体(24人)その他(8人)
A17: 14 | B17: 什器備品 | C17: 複合機､PC､机､掲示板等 | D17: 1 | E17: 式
A18: 15 | B18: 竣工時清掃 | C18: 手作業による拭き･掃き程度 | D18: 1 | E18: 式
A19: 16 | B19: 廃材処理費（16号棟） | D19: 1 | E19: 式
A20: 17 | B20: 廃材処理費（23号棟） | D20: 1 | E20: 式 | G20: 16号棟に含む
A21: 18 | B21: 植栽養生費 | C21: 枝払いのみ | D21: 1 | E21: 式
A22: 19 | B22: 植栽移植費 | C22: 移植復旧 | D22: 1 | E22: 式 | G22: 別途 | H22: 仮設計画により打合せ後必要に応じて追加費用が発生します｡
A23: 20 | B23: 諸官庁手続費 | C23: 足場設置届､道路使用等 | D23: 1 | E23: 式 | H23: 足場図面作成含む
A24: 21 | B24: 工事用車輌駐車料（16号棟） | C24: 2台×(4ヶ月+不動産手数料1ヶ月) | D24: 1 | E24: 式 | H24: 25,000円/月･台
A25: 22 | B25: 工事用車輌駐車料（23号棟） | C25: 2台×(4ヶ月+不動産手数料1ヶ月) | D25: 1 | E25: 式 | H25: 25,000円/月･台
A26: 23 | B26: 一般養生費 | D26: 1 | E26: 式
A27: 24 | B27: 床養生費 | C27: 塩ﾋﾞ製ｴﾝﾎﾞｽｼｰﾄ使用 | D27: 1 | E27: 式
A28: 25 | B28: 運搬費 | C28: 仮設機材 | D28: 1 | E28: 式
A29: 26 | B29: 仮囲い（16号棟） | C29: B型ﾊﾞﾘｹｰﾄﾞ(ｶﾞｰﾄﾞﾌｪﾝｽ) | D29: 9 | E29: ｍ | G29: =D29*F29 -> 0 | H29: 廃材置場廻り等
A30: 27 | B30: 仮囲い（23号棟） | C30: B型ﾊﾞﾘｹｰﾄﾞ(ｶﾞｰﾄﾞﾌｪﾝｽ) | D30: 20 | E30: ｍ | G30: =D30*F30 -> 0 | H30: 廃材置場廻り等
A31: 28 | B31: 電線防護管 | C31: ﾘｰｽ料 | D31: 8 | E31: ｍ | G31: =D31*F31 -> 0 | H31: 引込部 東側（16･23号棟）
A32: 29 | B32: 電線防護ｶﾊﾞｰ (変圧器･開閉器廻り) | C32: ﾘｰｽ料 | D32: 2 | E32: ヶ所 | G32: =D32*F32 -> 0
A33: 30 | B33: 電線防護措置費用 | C33: 防護管等取付･取外費用 | D33: 1 | E33: 式 | H33: 東京電力ﾊﾟﾜｰｸﾞﾘｯﾄﾞ(株)作業費
A34: 31 | B34: ｱﾙﾐ手摺天端養生（16号棟） | C34: ﾋﾞﾆｰﾙ養生 | D34: 88 | E34: ｍ | G34: 対象外
A35: 32 | B35: ｱﾙﾐ手摺天端養生（23号棟） | C35: ﾋﾞﾆｰﾙ養生 | D35: 82 | E35: ｍ | G35: 対象外
A36: 33 | B36: ﾊﾞﾙｺﾆｰ内乗り入れ設備 | C36: 可搬式を転用 | D36: 1 | E36: 式
B53: Ⅰ 共通仮設工事 計 | G53: =SUM(G3:G52) -> 0
A54: Ⅱ | B54: 足場仮設工事
A55: 1 | B55: 鋼製足場
A56: 1 | B56: 足場設置解体費（16号棟） | C56: 鋼製足場 | D56: 804 | E56: ㎡ | G56: =D56*F56 -> 0 | H56: 繋ぎｱﾝｶｰ･ｽﾃﾝﾚｽ製 水槽廻り含む
A57: 2 | B57: 足場設置解体費（16号棟） | C57: 鋼製足場(W=600)･昇降階段 | D57: 117 | E57: ㎡ | G57: =D57*F57 -> 0 | H57: 北･南面
A58: 3 | B58: 足場設置解体費（16号棟） | C58: 先行手摺(据置型) | D58: 921 | E58: ㎡ | G58: =D58*F58 -> 0
A59: 4 | B59: 足場設置解体費（16号棟） | C59: 巾木(H＝150) | D59: 921 | E59: ㎡ | G59: =D59*F59 -> 0 | H59: 繋ぎｱﾝｶｰ･ｽﾃﾝﾚｽ製
A60: 5 | B60: 足場養生費（16号棟） | C60: ﾒｯｼｭｼｰﾄ張り | D60: 921 | E60: ㎡ | G60: =D60*F60 -> 0 | H60: 白色又は黒色､清掃品
A61: 6 | B61: 足場設置解体費（23号棟） | C61: 鋼製足場 | D61: 688 | E61: ㎡ | G61: =D61*F61 -> 0 | H61: 繋ぎｱﾝｶｰ･ｽﾃﾝﾚｽ製 水槽廻り含む
A62: 7 | B62: 足場設置解体費（23号棟） | C62: 鋼製足場(W=600)･昇降階段 | D62: 117 | E62: ㎡ | G62: =D62*F62 -> 0 | H62: 北･南面
A63: 8 | B63: 足場設置解体費（23号棟） | C63: 先行手摺(据置型) | D63: 805 | E63: ㎡ | G63: =D63*F63 -> 0
A64: 9 | B64: 足場設置解体費（23号棟） | C64: 巾木(H＝150) | D64: 805 | E64: ㎡ | G64: =D64*F64 -> 0 | H64: 繋ぎｱﾝｶｰ･ｽﾃﾝﾚｽ製
A65: 10 | B65: 足場養生費（23号棟） | C65: ﾒｯｼｭｼｰﾄ張り | D65: 805 | E65: ㎡ | G65: =D65*F65 -> 0 | H65: 白色又は黒色､清掃品
A66: 11 | B66: 開口部養生 | C66: 出入口部･新品ｺﾝﾊﾟﾈ | D66: 11 | E66: ｍ | G66: =D66*F66 -> 0 | H66: 北･南面梁枠部（16･23号棟）
A67: 12 | B67: 足場出入口扉 | C67: 出入口施錠(ｵｰﾄﾛｯｸ機能付仮設扉) | D67: 4 | E67: ヶ所 | G67: =D67*F67 -> 0 | H67: 16号棟×2､23号棟×3 ｸﾗﾚｽﾄﾞｱ同等品
A68: 13 | B68: 足場桟橋 | C68: 屋上渡り | D68: 4 | E68: ヶ所 | G68: =D68*F68 -> 0 | H68: 16号棟×2､23号棟×2
A69: 14 | B69: 水平養生（16号棟） | C69: ﾌﾞﾗｹｯﾄ式ﾗｯｾﾙﾈｯﾄ | D69: 222 | E69: ｍ | G69: =D69*F69 -> 0 | H69: 2段毎
A70: 15 | B70: 水平養生（23号棟） | C70: ﾌﾞﾗｹｯﾄ式ﾗｯｾﾙﾈｯﾄ | D70: 192 | E70: ｍ | G70: =D70*F70 -> 0 | H70: 2段毎
A71: 16 | B71: 場内足場小運搬費（16号棟） | D71: 921 | E71: ㎡ | G71: =D71*F71 -> 0
A72: 17 | B72: 足場機材運搬費（16号棟） | D72: 921 | E72: ㎡ | G72: =D72*F72 -> 0 | H72: 運搬車輌の計画=4tﾕﾆｯｸ迄
A73: 18 | B73: 場内足場小運搬費（23号棟） | D73: 805 | E73: ㎡ | G73: =D73*F73 -> 0
A74: 19 | B74: 足場機材運搬費（23号棟） | D74: 805 | E74: ㎡ | G74: =D74*F74 -> 0 | H74: 運搬車輌の計画=4tﾕﾆｯｸ迄
A75: 20 | B75: 開口部梁枠補強 | C75: W=3,600 | D75: 4 | E75: ヶ所 | G75: =D75*F75 -> 0 | H75: 16号棟×2､23号棟×2
A76: 21 | B76: 侵入防止養生（16号棟） | C76: 金網 | D76: 67 | E76: ｍ | G76: =D76*F76 -> 0 | H76: 足場1段目
A77: 22 | B77: 侵入防止養生（23号棟） | C77: 金網 | D77: 60 | E77: ｍ | G77: =D77*F77 -> 0 | H77: 足場1段目
B78: (1) 鋼製足場 小計 | G78: =SUM(G56:G77) -> 0
A80: 2 | B80: その他足場仮設設備
A81: 1 | B81: 低層部作業足場 | C81: 脚立･立馬等 | D81: 1 | E81: 式
A82: 2 | B82: 荷揚設備 | C82: 電動ﾎｲｽﾄ | D82: 1 | E82: 式
A83: 3 | B83: 付属棟廻り足場設置解体費 | C83: 鋼製足場(W=600)､単管ﾌﾞﾗｹｯﾄ併用､ﾊｯﾁｱﾝﾁ(2枚)､ﾒｯｼｭｼｰﾄ張り､水平養生､出入口施錠(南京錠)1ヶ所 | D83: 85 | E83: ㎡ | G83: =D83*F83 -> 0
A84: 4 | B84: 外部階段最上部足場設置･解体費 | C84: 鋼製足場 | D84: 3 | E84: ヶ所 | G84: =D84*F84 -> 0
A85: 5 | B85: 高架水槽廻り足場設置･解体費 | C85: 鋼製足場 | D85: 1 | E85: 式
B86: (2) その他足場仮設設備 小計 | G86: =SUM(G81:G85) -> 0
B104: Ⅱ 足場仮設工事 計 | G104: =SUMIF($B55:$B86,"*小計",G55:G86) -> 0
A105: Ⅲ | B105: ｼｰﾘﾝｸﾞ工事
A106: 1 | B106: ｻｯｼ廻り目地（16号棟･ﾊﾞﾙｺﾆｰ） | C106: 既存撤去･ｳﾚﾀﾝ系ｼｰﾘﾝｸﾞ | D106: 92 | E106: ｍ | G106: =D106*F106 -> 0 | H106: W=15 | J106: 既存油性
A107: 2 | B107: ｻｯｼ廻り･面台取合い目地（16号棟） | C107: 既存撤去･変成ｼﾘｺﾝ系ｼｰﾘﾝｸﾞ | D107: 48 | E107: ｍ | G107: =D107*F107 -> 0 | H107: W=10
A108: 3 | B108: ｻｯｼ廻り目地（16号棟･外壁） | C108: 既存撤去･ｳﾚﾀﾝ系ｼｰﾘﾝｸﾞ | D108: 40 | E108: ｍ | G108: =D108*F108 -> 0 | H108: W=10 | J108: 既存油性
A109: 4 | B109: 手摺埋込部廻り（16号棟･ﾊﾞﾙｺﾆｰ） | C109: 既存撤去･ｳﾚﾀﾝ系ｼｰﾘﾝｸﾞ三角打 | D109: 42 | E109: ヶ所 | G109: =D109*F109 -> 0 | H109: □-65×45 | J109: 既存油性
A110: 5 | B110: 手摺埋込部廻り（16号棟･開放廊下） | C110: 既存撤去･ｳﾚﾀﾝ系ｼｰﾘﾝｸﾞ三角打 | D110: 21 | E110: ヶ所 | G110: =D110*F110 -> 0 | H110: □-65×45 | J110: 既存油性
A111: 6 | B111: その他雑ｼｰﾘﾝｸﾞ（16号棟） | C111: 既存撤去･打替 | D111: 1 | E111: 式
A112: 7 | B112: 油性ｼｰﾘﾝｸﾞ対策費（16号棟） | C112: 電動工具使用･養生･清掃費等 | D112: 1 | E112: 式
A113: 8 | B113: ｻｯｼ廻り目地（23号棟･ﾊﾞﾙｺﾆｰ） | C113: 既存撤去･ｳﾚﾀﾝ系ｼｰﾘﾝｸﾞ | D113: 72 | E113: ｍ | G113: =D113*F113 -> 0 | H113: W=15 | J113: 既存油性
A114: 9 | B114: ｻｯｼ廻り･面台取合い目地（23号棟） | C114: 既存撤去･変成ｼﾘｺﾝ系ｼｰﾘﾝｸﾞ | D114: 36 | E114: ｍ | G114: =D114*F114 -> 0 | H114: W=10
A115: 10 | B115: ｻｯｼ廻り目地（23号棟･開放廊下） | C115: 既存撤去･ｳﾚﾀﾝ系ｼｰﾘﾝｸﾞ | D115: 27 | E115: ｍ | G115: =D115*F115 -> 0 | H115: W=10 | J115: 既存油性
A116: 11 | B116: ｻｯｼ廻り目地（23号棟･外壁） | C116: 既存撤去･ｳﾚﾀﾝ系ｼｰﾘﾝｸﾞ | D116: 14 | E116: ｍ | G116: =D116*F116 -> 0 | H116: W=10 | J116: 既存油性
A117: 12 | B117: ｻｯｼ廻り目地（23号棟･付属棟） | C117: 既存撤去･ｳﾚﾀﾝ系ｼｰﾘﾝｸﾞ | D117: 5 | E117: ｍ | G117: =D117*F117 -> 0 | H117: W=10 | J117: 既存油性
A118: 13 | B118: 手摺埋込部廻り（23号棟･ﾊﾞﾙｺﾆｰ） | C118: 既存撤去･ｳﾚﾀﾝ系ｼｰﾘﾝｸﾞ三角打 | D118: 33 | E118: ヶ所 | G118: =D118*F118 -> 0 | H118: □-65×45 | J118: 既存油性
A119: 14 | B119: 手摺埋込部廻り（23号棟･開放廊下） | C119: 既存撤去･ｳﾚﾀﾝ系ｼｰﾘﾝｸﾞ三角打 | D119: 39 | E119: ヶ所 | G119: =D119*F119 -> 0 | H119: □-65×45 | J119: 既存油性
A120: 15 | B120: その他雑ｼｰﾘﾝｸﾞ（23号棟） | C120: 既存撤去･打替 | D120: 1 | E120: 式
A121: 16 | B121: 油性ｼｰﾘﾝｸﾞ対策費（23号棟） | C121: 電動工具使用･養生･清掃費等 | D121: 1 | E121: 式
B123: ※特記無き限りｳﾚﾀﾝ系ｼｰﾘﾝｸﾞはﾉﾝﾌﾞﾘｰﾄﾞ型とする。
B124: ※特記無き限り既存ｼｰﾘﾝｸﾞが無い箇所へのｼｰﾘﾝｸﾞ新設は対象外とする｡
B138: Ⅲ ｼｰﾘﾝｸﾞ工事 計 | G138: =SUM(G105:G137) -> 0
A139: Ⅳ | B139: 外壁調査工事
A140: 1 | B140: 外壁調査 | C140: 打診･目視(躯体調査及びﾏｰｷﾝｸﾞ)､補修図作成等 | D140: 956 | E140: ㎡ | G140: =D140*F140 -> 0 | H140: 塗膜付着力確認試験及び試験結果報告書作成含む
A141: 2 | B141: 外壁調査 | C141: 打診･目視(躯体調査及びﾏｰｷﾝｸﾞ)､補修図作成等 | D141: 793 | E141: ㎡ | G141: =D141*F141 -> 0 | H141: 塗膜付着力確認試験及び試験結果報告書作成含む
B155: Ⅳ 外壁調査工事 計 | G155: =SUM(G140:G154) -> 0
A156: Ⅴ | B156: 躯体補修工事
A157: 1 | B157: 塗装及び防水面補修･洗浄工事
A158: ① | B158: 塗装面補修（16号棟）
A159: 1 | B159: ﾓﾙﾀﾙ浮き補修 | C159: ｴﾎﾟｷｼ樹脂注入･ﾋﾟﾝﾆﾝｸﾞ(16本/㎡) | D159: 153 | E159: 本 | G159: =$D159*F159 -> 0 | H159: 637 | I159: ㎡× | J159: 0.015 | K159: 16
A160: 2 | B160: ﾓﾙﾀﾙ浮き補修(狭幅部) | C160: ｴﾎﾟｷｼ樹脂注入･ﾋﾟﾝﾆﾝｸﾞ(5本/m) | D160: 180 | E160: 本 | G160: =$D160*F160 -> 0 | H160: 240 | I160: ｍ× | J160: 0.15 | K160: 5
A161: 3 | B161: ﾓﾙﾀﾙ浮き補修 | C161: ｴﾎﾟｷｼ樹脂注入･ﾋﾟﾝﾆﾝｸﾞ (無振動ﾄﾞﾘﾙ使用) | D161: 1 | E161: 本 | G161: － | H161: 単価のみ記入
...
